 Dungeon Crawl Stone Soup version 0.24.0-13-gcf9b3192b9 (webtiles) character file.

Game seed: 4532265469164430943, levelgen mode: deterministic

209555 Aelig the Devastator (level 19, -1/111 HPs)
             Began as a Kobold Conjurer on Nov 7, 2019.
             Was the Champion of Vehumet.
             Slain by a merfolk impaler
             ... wielding a +5 trident of freezing
              (6 damage)
             ... on level 4 of the Shoals on Nov 10, 2019.
             The game lasted 04:20:10 (49556 turns).

Aelig the Devastator (Kobold Conjurer)             Turns: 49556, Time: 04:20:11

Health: -1/111     AC: 12    Str:  9    XL:     19   Next: 54%
Magic:  8/27       EV: 28    Int: 21    God:    Vehumet [******]
Gold:   1527       SH:  0    Dex: 26    Spells: 3/34 levels left

rFire    . . .     SeeInvis +   s - +6 dagger
rCold    . . .     Gourm    .   (shield restricted)
rNeg     . . .     Faith    .   R - +1 robe {Archmagi}
rPois    +         Spirit   .   P - +0 helmet of Donufrol {rElec Dex+4 SInv}
rElec    +         Reflect  .   l - +1 cloak
rCorr    .         Harm     .   z - +2 pair of gloves {Str+3}
MR       ++...                  N - +2 pair of boots
Stlth    +++.......             v - amulet of magic regeneration
HPRegen  1.28/turn              L - ring of protection from magic
MPRegen  0.45/turn              D - ring "Teat Yryla" {rPois Dex+6 Stlth-}

@: regenerating
A: small, carnivore, dopey 1, low mp 1
}: 1/15 runes: gossamer
a: Renounce Religion


You were on level 4 of the Shoals.
You worshipped Vehumet.
Vehumet was exalted by your worship.
You were very full.

You visited 6 branches of the dungeon, and saw 32 of its levels.
You also visited: Ice Cave.

You collected 3416 gold pieces.
You spent 1889 gold pieces at shops.

Inventory:

Hand Weapons
 m - the +3 mace "Orb Guardian's Curse" {vamp, +Fly rPois Stlth-}
   (You found it on level 1 of the Lair of Beasts)

   It inflicts no extra harm, but heals its wielder when it wounds a living foe.
   It protects you from poison.
   It lets you fly.
   It makes you less stealthy.
 s - a +6 dagger (weapon)
Armour
 l - a +1 cloak (worn)
 r - the +0 pair of boots "Aruinucs" {Dex+4 Stlth+}
   (You bought it in a shop on level 2 of the Orcish Mines)

   It affects your dexterity (+4).
   It makes you more stealthy.
 y - a +2 robe of resistance
 z - a +2 pair of gloves of strength (worn)
 N - a +2 pair of boots (worn)
 P - the +0 helmet of Donufrol (worn) {rElec Dex+4 SInv}
   (You bought it in a shop on level 9 of the Dungeon)

   It affects your dexterity (+4).
   It insulates you from electricity.
   It lets you see invisible.
 R - a +1 robe of the Archmagi (worn)
Magical Staves
 U - an uncursed staff of fire
Jewellery
 q - an uncursed ring of protection from cold
 v - an amulet of magic regeneration (around neck)
 D - the ring "Teat Yryla" (right hand) {rPois Dex+6 Stlth-}
   (You found it on level 12 of the Dungeon)

   [ring of poison resistance]

   It affects your dexterity (+6).
   It protects you from poison.
   It makes you less stealthy.
 L - a ring of protection from magic (left hand)
 O - the amulet "Ahom" {Regen+ Slay+2}
   (You bought it in a shop on level 2 of the Orcish Mines)

   [amulet of regeneration]

   It affects your accuracy and damage with ranged weapons and melee attacks
   (+2).
   It increases your rate of regeneration.
 S - an uncursed ring of protection from fire
Wands
 d - a wand of random effects (42)
 t - a wand of iceblast (3)
 x - a wand of clouds (6)
 F - a wand of paralysis (4)
 K - a wand of polymorph (26)
 V - a wand of flame (23)
Scrolls
 b - 14 scrolls of remove curse
 f - 4 scrolls of magic mapping
 h - 2 scrolls of enchant weapon
 i - 7 scrolls of immolation
 k - 10 scrolls of identify
 o - 4 scrolls of enchant armour
 u - 6 scrolls of teleportation
 w - a scroll of silence
 A - 3 scrolls of vulnerability
 E - a scroll of brand weapon
Potions
 a - 2 potions of resistance
 e - 2 potions of cancellation
 j - 4 potions of flight
 n - 2 potions of curing
 p - 5 potions of might
 B - 2 potions of brilliance
 C - 6 potions of ambrosia
 I - a potion of agility
 X - 2 potions of mutation
Miscellaneous
 Q - a phantom mirror
 W - 2 sacks of spiders
Comestibles
 c - 40 rations


   Skills:
 + Level 9.6 Fighting
 - Level 7.4 Short Blades
 + Level 11.5 Dodging
 - Level 8.0 Stealth
 - Level 8.0 Spellcasting
 - Level 16.0 Conjurations
 - Level 8.0 Hexes
 - Level 6.0 Charms
 - Level 5.0 Summonings
 + Level 7.4 Necromancy
 - Level 8.0 Translocations
 - Level 8.0 Air Magic
 - Level 12.0 Earth Magic
 - Level 10.1 Poison Magic
 - Level 10.0 Evocations


You had 3 spell levels left.
You knew the following spells:

 Your Spells              Type           Power        Failure   Level  Hunger
a - Magic Dart            Conj           ####         0%          1    None
b - Searing Ray           Conj           ######       0%          2    None
c - Venom Bolt            Conj/Pois      #######...   1%          5    #####..
d - Fulminant Prism       Conj/Hex       ######....   1%          4    ###....
e - Regeneration          Chrm/Necr      ######....   1%          3    None
f - Iron Shot             Conj/Erth      #######...   1%          6    ######.
g - Summon Butterflies    Summ           #####...     1%          1    None
h - Olgreb's Toxic Radia  Pois           ######..     1%          4    ###....
q - Blink                 Tloc           N/A          1%          2    None
s - Poisonous Vapours     Pois/Air       ######       1%          2    None
z - Apportation           Tloc           ######       1%          1    None

Your spell library contained the following spells:

 Spells                   Type           Power        Failure   Level  Hunger
 Spellforged Servitor     Conj/Summ      ######....   22%         7    #######
 Animate Skeleton         Necr           N/A          1%          1    None
 Confusing Touch          Hex            ######       1%          1    None
 Corona                   Hex            ######.      1%          1    None
 Pain                     Necr           ####         1%          1    None
 Sting                    Conj/Pois      ####         1%          1    None
 Summon Small Mammal      Summ           ####         1%          1    None
 Call Imp                 Summ           #####...     1%          2    None
 Slow                     Hex            ######..     1%          2    None
 Confuse                  Hex            ######..     1%          3    None
 Conjure Flame            Conj/Fire      ######..     1%          3    None
 Dazzling Spray           Conj/Hex       ######       1%          3    None
 Gell's Gravitas          Tloc           ######....   1%          3    None
 Mephitic Cloud           Conj/Pois/Air  ######..     1%          3    None
 Tukima's Dance           Hex            ######..     1%          3    None
 Vampiric Draining        Necr           ######....   1%          3    None
 Ensorcelled Hibernation  Hex/Ice        #####.       2%          2    None
 Force Lance              Conj/Tloc      ######..     1%          4    ###....
 Iskenderun's Mystic Bla  Conj           #######.     1%          4    ###....
 Animate Dead             Necr           N/A          3%          4    ###....
 Petrify                  Tmut/Erth      ######..     7%          4    ###....
 Yara's Violent Unravell  Hex/Tmut       #####.....   11%         5    #####..
 Metabolic Englaciation   Hex/Ice        #####.....   38%         5    #####..
 Malign Gateway           Summ/Tloc      ######....   99%         7    #######
 Dragon's Call            Summ           #####.....   100%        9    #######


Dungeon Overview and Level Annotations

Branches:
Dungeon (15/15)            Temple (1/1) D:7            Lair (6/6) D:11
 Shoals (4/4) Lair:3       Spider (4/4) Lair:4        Slime (0/5) Lair:5
    Orc (2/2) D:12            Elf (0/3) Orc:2        Vaults (0/5) D:14
 Depths (0/5) D:15          IceCv (visited)

Altars:
Ashenzari
Dithmenos
Elyvilon
Fedhas
Gozag
Hepliaklqana
Kikubaaqudgha
Nemelex Xobeh
Okawaru
Qazlal
Ru
Sif Muna
Trog
Uskayaw
Vehumet
Wu Jian
Xom
Yredelemnul
Zin
The Shining One

Shops:
D:5 !   D:6 (   D:7 *   D:8 [   D:9 [((   D:12 *   D:15 %   Orc:2 }*[*[?(
Shoals:3 ?

Annotations:
D:1 1 runed translucent door
D:4 2 transporters, catramo's ghost, amateur DrTm
Lair:4 2 transporters, Daviar's ghost, journeyman GrFi
Lair:6 2 transporters
Shoals:2 3 runed translucent doors, grouchysmurf's ghost, adept HOBe


Innate Abilities, Weirdness & Mutations

You are small and have problems with some larger weapons.
You are carnivorous and can eat meat at any time.
You are dopey. (Int -2)
Your magical capacity is low. (-10% MP)


Message History

The merfolk impaler hits you from afar with a +5 trident of freezing!
* * * LOW HITPOINT WARNING * * *
The merfolk impaler freezes you.
* * * LOW HITPOINT WARNING * * *
The satyr shoots a sling bullet.
The sling bullet closely misses you.
Unknown command.
Casting: Venom Bolt (safe; 1% risk of failure)
Confirm with . or Enter, or press ? or * to list all spells.
Aiming: Venom Bolt (safe; 1% risk of failure)
Press: ? - help, Shift-Dir - straight line, f/p - satyr
Aim: a satyr, wielding a +0 fustibalus (severely wounded, poisoned)
You feel a surge of power!
The bolt of poison hits the satyr!!!
The satyr looks as sick as possible!
You kill the satyr!
Vehumet accepts your kill.
You feel your power returning.
The merfolk impaler hits you from afar with a +5 trident of freezing!
* * * LOW HITPOINT WARNING * * *
The merfolk impaler freezes you.
You die...

#########################
≈≈≈≈≈≈≈≈≈≈≈≈≈≈≈≈≈≈≈≈≈≈≈≈≈
≈≈≈≈≈≈≈≈≈≈≈≈≈≈≈≈≈≈≈≈≈≈≈≈≈
≈≈≈≈≈≈≈≈≈≈≈≈≈≈≈≈≈≈≈≈≈≈≈≈≈≈≈≈≈
≈≈≈≈≈≈≈≈≈≈≈≈≈≈≈≈≈≈≈≈≈≈≈≈≈≈≈≈≈
≈≈≈≈≈≈≈≈≈≈≈≈≈≈≈≈≈≈≈≈≈≈≈≈≈≈≈≈≈
≈≈≈≈≈≈≈≈.≈)....@()..≈≈≈≈≈≈≈≈≈
≈.≈.≈≈≈..)....(.()..≈≈≈≈≈≈≈≈≈
≈.≈≈≈≈≈c.........m..≈≈≈≈≈≈≈≈≈
≈≈≈≈≈≈≈.≈...........≈≈≈≈≈≈≈≈≈
#≈≈≈$.....).......≈≈≈≈≈≈≈≈≈
##≈≈≈............≈≈≈≈≈≈≈≈≈≈
#≈≈##≈............≈≈≈≈≈≈≈≈≈≈
≈≈≈ #≈..........≈≈≈≈≈≈≈≈≈≈≈≈
≈ #≈≈.........≈≈≈≈≈≈≈≈≈≈≈≈


You could see a merfolk impaler.

Vanquished Creatures
  Rupert (D:12)
  Ilsuiw (Shoals:3)
  A frost giant (Shoals:4)
  4 emperor scorpions
  7 ghost moths
  2 entropy weavers
  4 spark wasps
  An ettin (D:15)
  A merfolk javelineer (Shoals:2)
  9 merfolk impalers
  A fire dragon (D:15)
  2 ogre magi (D:15)
  8 hydras
  A rakshasa (D:14)
  5 merfolk avatars
  A catoblepas (Shoals:2)
  7 centaur warriors
  2 satyrs (Shoals:4)
  2 alligator snapping turtles
  4 death yaks (Shoals:2)
  A queen ant (D:8)
  17 two-headed ogres
  2 tengu warriors
  4 orc high priests (Orc:2)
  8 sea snakes
  A deep troll (D:15)
  2 unseen horrors
  An unseen horror (shapeshifter) (D:14)
  A wolf spider zombie (D:15)
  6 harpies
  A lindwurm (D:14)
  2 deep elf magi
  6 orc knights
  4 orc sorcerers (Orc:2)
  3 oklob plants
  4 cyclopes
  25 orb spiders
  11 fauns
  39 wolf spiders
  2 moths of wrath
  12 manticores
  An elephant (D:11)
  A moth of wrath (shapeshifter) (D:14)
  11 merfolk sirens
  4 black mambas
  10 spiny frogs
  4 water nymphs (Shoals:4)
  A gargoyle (D:12)
  2 centaur skeletons
  A torpor snail (Lair:4)
  A freezing wraith (D:14)
  11 komodo dragons
  An efreet (D:14)
  11 demonic crawlers
  5 trolls
  2 tengu conjurers
  43 jumping spiders
  23 merfolk
  7 wind drakes
  8 polar bears
  A queen bee (D:8)
  8 hippogriffs
  8 hornets
  3 slime creatures (D:13)
  15 blink frogs
  A meliai zombie (D:15)
  4 snapping turtles
  5 dream sheep
  3 water elementals
  2 wraiths
  11 spriggans (Lair:6)
  A shadow (D:13)
  A vampire (D:14)
  84 redbacks
  29 tarantellas
  29 yaks
  3 basilisks
  3 wyverns
  A yak (shapeshifter) (D:14)
  A steam dragon (D:13)
  3 hungry ghosts
  5 vampire mosquitoes
  6 soldier ants (D:8)
  3 acid dragons
  14 water moccasins
  11 porcupines
  20 orc warriors
  4 sky beasts
  An eye of draining (D:14)
  3 black bears
  2 phantoms
  11 boggarts
  9 ice beasts
  17 ogres
  18 wolves
  20 centaurs
  5 big kobolds
  11 crocodiles
  A wyvern zombie (D:10)
  22 bullfrogs
  A wyvern skeleton (D:11)
  3 scorpions
  23 killer bees
  27 wights
  3 howler monkeys
  An electric eel (D:10)
  2 bullfrog zombies
  3 centaur zombies
  6 crimson imps
  2 quasits
  17 orc priests
  6 hounds
  9 jellies
  21 orc wizards
  4 bullfrog skeletons
  7 iguanas
  20 worker ants
  A killer bee zombie (D:6)
  2 hound skeletons
  3 worker ant zombies
  10 gnolls
  18 adders
  A river rat (D:4)
  3 shadow imps
  6 oozes
  2 adder skeletons
  An adder zombie (D:6)
  6 worms
  5 leopard geckos
  62 orcs
  4 ball pythons
  12 bats
  9 giant cockroaches
  5 goblins
  4 hobgoblins
  4 jackals
  22 kobolds
  10 quokkas
  7 frilled lizards
  A leopard gecko zombie (D:8)
  6 rats
  A fungus (Lair:6)
  5 plants
1127 creatures vanquished.

Vanquished Creatures (collateral kills)
  A snapping turtle (Shoals:1)
  A water elemental (Shoals:4)
2 creatures vanquished.

Vanquished Creatures (others)
  A merfolk impaler (Shoals:4)
  3 merfolk aquamancers
  An orb spider (Spider:2)
  A bullfrog (D:15)
  2 orc priests (Orc:2)
  A white imp (IceCv)
  2 ufetubi (IceCv)
  An orc (Orc:2)
  111 fulminant prisms
  8 fungi
  19 plants
150 creatures vanquished.

Grand Total: 1279 creatures vanquished

Notes
Turn   | Place    | Note
-------+----------+-------------------------------------------
     0 | D:1      | Aelig the Kobold Conjurer began the quest for the Orb.
     0 | D:1      | Reached XP level 1. HP: 10/10 MP: 3/3
     0 | D:1      | Noticed a jelly
     1 | D:1      | Found a runed translucent door.
   153 | D:1      | You fall into a shaft and drop 1 floor!
   158 | D:2      | Reached XP level 2. HP: 15/15 MP: 3/5
   163 | D:2      | Learned a level 2 spell: Searing Ray
   359 | D:2      | Reached XP level 3. HP: 19/19 MP: 2/6
   458 | D:2      | Reached skill level 5 in Conjurations
   590 | D:2      | Found an iron altar of Okawaru.
   915 | D:1      | Reached XP level 4. HP: 24/24 MP: 4/7
  1651 | D:2      | Found an ancient bone altar of Kikubaaqudgha.
  1681 | D:2      | Reached XP level 5. HP: 28/28 MP: 0/8
  1774 | D:2      | Reached skill level 6 in Conjurations
  2526 | D:3      | Found a hide-covered altar of Uskayaw.
  2615 | D:3      | Noticed an ice beast
  2667 | D:3      | Killed an ice beast
  2667 | D:3      | Reached skill level 7 in Conjurations
  2667 | D:3      | Reached XP level 6. HP: 15/32 MP: 1/9
  2924 | D:3      | HP: 1/48 [orc priest/divine providence (11)]
  3884 | D:3      | Reached XP level 7. HP: 36/36 MP: 4/10
  4066 | D:3      | Reached skill level 8 in Conjurations
  4518 | D:4      | Found a transporter.
  4720 | D:4      | Reached skill level 9 in Conjurations
  4899 | D:4      | Found a glowing drain.
  5121 | D:4      | Reached XP level 8. HP: 41/41 MP: 5/11
  5177 | D:4      | Found a transporter.
  5283 | D:4      | Noticed catramo's ghost (amateur DrTm)
  5313 | D:4      | Learned a level 2 spell: Blink
  5635 | D:5      | Entered Level 5 of the Dungeon
  5651 | D:5      | Reached skill level 1 in Translocations
  5847 | D:5      | Reached skill level 10 in Conjurations
  6072 | D:5      | Found a stormy altar of Qazlal.
  6148 | D:5      | Noticed a water elemental
  6149 | D:5      | Noticed an air elemental
  6149 | D:5      | Noticed a fire elemental
  6232 | D:5      | Found Qirphyqaz's Distillery.
  6235 | D:5      | Bought a potion of curing for 36 gold pieces
  6519 | D:5      | Learned a level 4 spell: Iskenderun's Mystic Blast
  6701 | D:6      | Found Piuloesa's Weapon Shoppe.
  6741 | D:6      | Reached XP level 9. HP: 36/45 MP: 4/12
  7222 | D:6      | Reached skill level 11 in Conjurations
  8242 | D:6      | Reached skill level 12 in Conjurations
  8356 | D:7      | Reached skill level 1 in Fighting
  8356 | D:7      | Reached skill level 1 in Short Blades
  8799 | D:7      | Reached XP level 10. HP: 51/53 MP: 5/13
  9237 | D:7      | Found a blossoming altar of Fedhas.
  9415 | D:7      | Reached skill level 5 in Translocations
  9611 | D:7      | Found a staircase to the Ecumenical Temple.
  9620 | Temple   | Entered the Ecumenical Temple
  9640 | Temple   | Became a worshipper of Vehumet
  9672 | D:7      | Found Zin's Purification Station.
  9675 | D:7      | Found a glowing silver altar of Zin.
  9855 | D:7      | Found an ornate altar of the Wu Jian Council.
 10166 | D:7      | Reached skill level 1 in Evocations
 10329 | D:8      | Found a sacrificial altar of Ru.
 10433 | D:8      | Reached skill level 5 in Short Blades
 10514 | D:8      | Noticed a queen ant
 10710 | D:8      | Found an opulent altar of Gozag.
 10731 | D:8      | Found Omeahaelo's Antique Armour Shop.
 10734 | D:8      | Bought a glowing robe for 103 gold pieces
 10734 | D:8      | Bought a glowing helmet for 210 gold pieces
 10946 | D:8      | Learned a level 4 spell: Force Lance
 11841 | D:8      | Killed a queen ant
 11841 | D:8      | Reached skill level 5 in Evocations
 11925 | D:8      | Reached * piety under Vehumet
 11925 | D:8      | Offered knowledge of Freeze by Vehumet.
 12288 | D:9      | Reached XP level 11. HP: 61/61 MP: 5/15
 12373 | D:9      | Found Epracule's Antique Weapon Emporium.
 12497 | D:9      | Found Giyqa's Antique Weapon Shoppe.
 12879 | D:9      | Found a shadowy altar of Dithmenos.
 13023 | D:9      | Found Xass's Armour Emporium.
 13084 | D:9      | Noticed a two-headed ogre
 13095 | D:9      | Killed a two-headed ogre
 13178 | D:9      | Learned a level 4 spell: Fulminant Prism
 13346 | D:10     | Entered Level 10 of the Dungeon
 13368 | D:10     | Reached skill level 1 in Hexes
 13425 | D:10     | HP: 1/61 [centaur/arrow (15)]
 14126 | D:10     | Offered knowledge of Shock by Vehumet.
 14131 | D:10     | Reached ** piety under Vehumet
 14634 | D:11     | Noticed a seven-headed hydra
 14663 | D:11     | Killed a seven-headed hydra
 14750 | D:11     | Found a staircase to the Lair.
 14751 | D:11     | Noticed an elephant
 14753 | D:11     | Noticed an unseen horror
 14775 | D:11     | Killed an unseen horror
 14776 | D:11     | Reached XP level 12. HP: 38/66 MP: 7/18
 14933 | D:11     | Reached skill level 13 in Conjurations
 15124 | D:11     | Noticed a four-headed hydra
 15134 | D:11     | Killed a four-headed hydra
 15134 | D:11     | Reached skill level 5 in Hexes
 15166 | D:11     | Noticed an eight-headed hydra
 15184 | D:11     | Offered knowledge of Inner Flame by Vehumet.
 15213 | D:11     | Killed an eight-headed hydra
 15480 | D:11     | Reached *** piety under Vehumet
 15648 | D:11     | Noticed a two-headed ogre
 15665 | D:11     | Killed a two-headed ogre
 15744 | Lair:1   | Entered Level 1 of the Lair of Beasts
 15754 | Lair:1   | Reached skill level 5 in Stealth
 15947 | Lair:1   | Offered knowledge of Throw Icicle by Vehumet.
 16196 | Lair:1   | Noticed a seven-headed hydra
 16241 | Lair:1   | Killed a seven-headed hydra
 16241 | Lair:1   | Reached skill level 14 in Conjurations
 16928 | Lair:1   | Got an ancient mace
 16929 | Lair:1   | Identified the +3 mace "Orb Guardian's Curse" {vamp, +Fly
                  | rPois Stlth-} (You found it on level 1 of the Lair of
                  | Beasts)
 17142 | Lair:1   | Reached XP level 13. HP: 66/70 MP: 19/19
 17590 | Lair:2   | Reached **** piety under Vehumet
 17773 | Lair:2   | Reached skill level 15 in Conjurations
 18478 | Lair:2   | Offered knowledge of Lee's Rapid Deconstruction by Vehumet.
 18939 | Lair:3   | Noticed a seven-headed hydra
 18946 | Lair:3   | Noticed a seven-headed hydra
 19028 | Lair:3   | Killed a seven-headed hydra
 19130 | Lair:2   | Reached skill level 5 in Fighting
 19644 | Lair:3   | Reached skill level 16 in Conjurations
 19819 | Lair:3   | Found a staircase to the Shoals.
 19823 | Lair:3   | Reached skill level 5 in Dodging
 19945 | Lair:3   | Killed a seven-headed hydra
 19945 | Lair:3   | Reached ***** piety under Vehumet
 20126 | Lair:3   | Offered knowledge of Iron Shot by Vehumet.
 20729 | Lair:4   | Noticed a four-headed hydra
 20750 | Lair:4   | Found a transporter.
 20754 | Lair:4   | Noticed Daviar's ghost (journeyman GrFi)
 20775 | Lair:4   | Found a transporter.
 20806 | Lair:4   | Found a hole to the Spider Nest.
 21187 | Lair:5   | Noticed a four-headed hydra
 21394 | Lair:5   | Reached XP level 14. HP: 71/80 MP: 11/21
 21537 | Lair:5   | Found a staircase to the Slime Pits.
 21801 | Lair:5   | Reached skill level 5 in Spellcasting
 21891 | Lair:5   | Learned a level 6 spell: Iron Shot
 22214 | Lair:6   | Entered Level 6 of the Lair of Beasts
 22252 | Lair:6   | Reached skill level 1 in Earth Magic
 22391 | Lair:6   | Found a transporter.
 22391 | Lair:6   | Found a transporter.
 22400 | Lair:6   | Found a bloodstained altar of Trog.
 22682 | Lair:6   | Identified the +6 demon trident "Ubuwuema" {freeze, Str+4}
 23198 | D:9      | Bought the +0 helmet of Donufrol {rElec Dex+4 SInv} for 404
                  | gold pieces
 23705 | D:8      | Bought a pair of glowing gloves for 210 gold pieces
 24403 | D:12     | Reached skill level 5 in Earth Magic
 24422 | D:12     | Noticed a stone giant
 24687 | D:12     | Noticed Rupert
 25541 | D:12     | Found Evveamis's Mass Market.
 25587 | D:12     | Found a staircase to the Orcish Mines.
 25629 | D:12     | Killed Rupert
 25731 | D:12     | Got a twitching amber ring
 25735 | D:12     | Identified the ring "Teat Yryla" {rPois Dex+6 Stlth-} (You
                  | found it on level 12 of the Dungeon)
 25812 | Orc:1    | Entered Level 1 of the Orcish Mines
 26289 | Orc:2    | Entered Level 2 of the Orcish Mines
 26289 | Orc:2    | Found Xiolukul's Magic Scroll Shoppe.
 26308 | Orc:2    | Bought a scroll of teleportation for 45 gold pieces
 26308 | Orc:2    | Bought a scroll of teleportation for 45 gold pieces
 26438 | Orc:2    | Found a staircase to the Elven Halls.
 26737 | Orc:2    | Reached XP level 15. HP: 82/88 MP: 12/22
 26828 | Orc:2    | Found Toobuj's Gadget Emporium.
 26951 | Orc:2    | Offered knowledge of Bolt of Draining by Vehumet.
 27593 | Orc:2    | Found Linuamik's Weapon Boutique.
 27707 | Orc:2    | Reached skill level 10 in Dodging
 27794 | Orc:2    | Identified the Incunabulum of Calling
 27798 | Orc:2    | Learned a level 1 spell: Summon Butterflies
 27882 | Orc:2    | Gained mutation: You are dopey. (Int -2) [a neqoxec]
 27889 | Orc:2    | Gained mutation: Your magical capacity is low. (-10% MP) [a
                  | neqoxec]
 28081 | Orc:2    | Reached skill level 1 in Summonings
 28484 | Orc:2    | Found Xosef's Assorted Antiques.
 28484 | Orc:2    | Found Lunkuim's Armour Emporium.
 28486 | Orc:2    | Found Dicwil's Armour Boutique.
 28486 | Orc:2    | Found Yceich's Assorted Antiques.
 28499 | Orc:2    | Bought a pair of distressingly furry boots for 209 gold
                  | pieces
 28502 | Orc:2    | Bought a serpentine bronze amulet for 170 gold pieces
 28503 | Orc:2    | Identified the amulet "Ahom" {Regen+ Slay+2} (You bought it
                  | in a shop on level 2 of the Orcish Mines)
 28514 | Orc:2    | Identified the +0 pair of boots "Aruinucs" {Dex+4 Stlth+}
                  | (You bought it in a shop on level 2 of the Orcish Mines)
 30027 | D:13     | You fall into a shaft and drop 2 floors!
 30027 | D:15     | Entered Level 15 of the Dungeon
 30040 | D:15     | Found Uhefef Hepa's Food Emporium.
 30938 | Orc:2    | Bought a +1 robe of the Archmagi for 457 gold pieces
 30975 | Orc:2    | Learned a level 5 spell: Venom Bolt
 31182 | D:14     | Reached skill level 5 in Summonings
 31192 | D:14     | Reached skill level 1 in Poison Magic
 31679 | D:14     | Found a gate to the Vaults.
 32771 | D:15     | Offered knowledge of Conjure Ball Lightning by Vehumet.
 32813 | D:15     | Reached XP level 16. HP: 80/94 MP: 11/25
 32989 | D:15     | Paralysed by an ogre mage for 4 turns
 33090 | D:15     | Found a staircase to the Depths.
 33524 | D:15     | Reached skill level 5 in Poison Magic
 33882 | D:15     | Learned a level 2 spell: Poisonous Vapours
 34414 | Lair:6   | Reached skill level 1 in Air Magic
 34963 | Lair:6   | Identified the +8 trident "Foneuxzu" {chaos, Int+4}
 35253 | Spider:1 | Entered Level 1 of the Spider Nest
 36171 | Spider:1 | Reached skill level 5 in Air Magic
 36886 | Spider:1 | Offered knowledge of Bolt of Magma by Vehumet.
 37115 | Spider:1 | Reached XP level 17. HP: 99/99 MP: 18/26
 38860 | Spider:2 | Identified a scroll of acquirement
 41351 | Spider:4 | Entered Level 4 of the Spider Nest
 41675 | Spider:4 | Reached ****** piety under Vehumet
 42114 | Spider:4 | Offered knowledge of Poison Arrow by Vehumet.
 42394 | Spider:4 | Reached skill level 10 in Evocations
 42468 | Spider:4 | Reached skill level 10 in Earth Magic
 42640 | Spider:4 | Reached XP level 18. HP: 98/105 MP: 18/27
 44233 | Spider:4 | Learned a level 4 spell: Olgreb's Toxic Radiance
 44657 | Spider:4 | Got a gossamer rune of Zot
 44945 | Shoals:1 | Entered Level 1 of the Shoals
 45104 | Shoals:1 | Learned a level 3 spell: Regeneration
 45510 | Shoals:1 | Reached skill level 1 in Necromancy
 45571 | Shoals:1 | Offered knowledge of Ozocubu's Refrigeration by Vehumet.
 45571 | Shoals:1 | Reached skill level 1 in Charms
 45676 | Shoals:1 | Learned a level 1 spell: Apportation
 46226 | Shoals:2 | Found a frozen archway.
 46358 | IceCv    | Entered an ice cave
 46711 | Shoals:2 | Reached skill level 10 in Poison Magic
 47070 | Shoals:2 | Found a runed translucent gate.
 47070 | Shoals:2 | Found a runed translucent gate.
 47070 | Shoals:2 | Found a runed translucent gate.
 47070 | Shoals:2 | Noticed grouchysmurf's ghost (adept HOBe)
 47357 | Shoals:2 | Reached XP level 19. HP: 105/110 MP: 21/27
 47578 | Shoals:2 | Reached skill level 5 in Necromancy
 47898 | Shoals:3 | Noticed Ilsuiw
 47917 | Shoals:3 | Killed Ilsuiw
 47933 | Shoals:3 | Offered knowledge of Spellforged Servitor by Vehumet.
 48105 | Shoals:3 | Found Recwarchoh's Magic Scroll Shop.
 48456 | Shoals:4 | Entered Level 4 of the Shoals
 48466 | Shoals:4 | Reached skill level 5 in Charms
 48886 | Shoals:4 | HP: 1/110 [water nymph/the raging water (21)]
 49254 | Shoals:4 | HP: 3/110 [wind drake/the air (6)]
 49556 | Shoals:4 | HP: 5/111 [merfolk impaler/+5 trident of freezing (13)]
 49556 | Shoals:4 | Slain by a merfolk impaler

Levels and vault maps discovered:
D:1:      dpeg_arrival_caged_fury, layout_loops_ring
D:2:      layout_loops_ring, lemuel_doored_altar, old_standard_altar,
          first_ration, grunt_decor_one_mirror
D:3:      kennysheep_big_flooded_room, layout_basic,
          eat_drink_and_be_merry_uskayaw
D:4:      layout_loops_ring, portal_sewer_entry_a, gammafunk_ghost_stat_death
D:5:      layout_basic, nicolae_qazlal_style_of_elements, serial_shops,
          nicolae_shop_behind_doors, serial_glass, glass_columns_a,
          glass_columns_b
D:6:      minmay_angry_zag, layout_loops_ring, serial_shops, shop, st_stairs_7
D:7:      layout_layer_cave, zin_purify, marbit_many_paths,
          minmay_temple_entry_slanted, basic_altar, dk_noncrumbling_4,
          lemuel_old_faithful
D:8:      layout_basic, old_standard_altar, grunt_gozag_statues, serial_shops,
          nicolae_shop_window_shopping, david_nohive_1, grunt_ministairs_15,
          minmay_another_anthill
D:9:      layout_loops_ring, nicolae_dithmenos_through_a_glass_darkly,
          serial_shops, kennysheep_mini_moat,
          nicolae_shop_competitors_out_of_business, kennysheep_little_box,
          hangedman_decor_clover_reticule
D:10:     layout_basic
D:11:     kennysheep_ambush_hall, layout_loops_corners, david_lair_generic,
          minivault_24
D:12:     cheibrodos_monumental, layout_cave_pods, orc_0_dummy,
          gauntlet_entry_generic, minmay_shop_mass, uniq_rupert
D:13:     layout_roguey
D:14:     layout_gridville, david_vaults_4, chequers_serial_rivers_micro_a,
          minmay_quadrilaterals
D:15:     hangedman_depths_entry_civil_slaughter, layout_loops_ring,
          serial_bayou_shore_b, serial_shops, nicolae_shop_statue_plus
Temple:   cyrus_circular_temple
Lair:1:   layout_regular_city, cheibrodos_lair_lostbears,
          minmay_lair_oklob_chamber, grunt_megastairs_3
Lair:2:   layout_regular_city
Lair:3:   layout_chaotic_city, elwin_shoals_entry_rocks,
          infiniplex_staircase_pool_2
Lair:4:   layout_cave_shapes, spider_nest_entry_rubble,
          gammafunk_ghost_berserking_beasts, grunt_megastairs_1
Lair:5:   layout_big_grid, nicolae_slime_entry_slimehenge, serial_bayou_shore_a
Lair:6:   minmay_lair_end_enchanted_forest, layout_regular_city,
          gammafunk_ghost_wrathful_warriors, minivault_27,
          minmay_lair_oklob_items, st_stairs_4, infiniplex_staircase_pool
Shoals:1: layout_shoals
Shoals:2: layout_shoals, portal_ice_cave_entry_pillars_four,
          gammafunk_ghost_necromancy, uniq_polyphemus
Shoals:3: layout_shoals, serial_shops, shop, uniq_ilsuiw
Shoals:4: shoals_end_grunt_ice, layout_shoals, nicolae_shoals_dead_sea_scrolls
Spider:1: layout_spider_delve
Spider:2: layout_spider_delve, guppyfry_spider_mini_2
Spider:3: layout_chambers
Spider:4: grunt_spider_rune_island
Orc:1:    layout_caves, statue_in_the_mist_lemuel, mines2_lemuel
Orc:2:    grunt_orc_tribal_feast, layout_diamond_mine, serial_shops,
          nicolae_shop_window_shopping, nicolae_shop_waterfront, shop_statue,
          guppyfry_library_mini

Skill      XL: |  1  2  3  4  5  6  7  8  9 10 11 12 13 14 15 16 17 18 19 |
---------------+----------------------------------------------------------+-----
Conjurations   | 5 7 9 10 12 14 16 | 16.0
Stealth        | 3 8 |  8.0
Translocations | 3 4 5 8 |  8.0
Fighting       | 2 4 6 8 9 |  9.6
Short Blades   | 2 7 |  7.4
Evocations     | 5 6 10 | 10.0
Spellcasting   | 4 5 7 8 |  8.0
Hexes          | 4 5 6 8 |  8.0
Dodging        | 6 9 10 11 | 11.5
Earth Magic    | 7 8 10 12 | 12.0
Summonings     | 5 |  5.0
Poison Magic   | 3 8 10 | 10.1
Air Magic      | 6 8 |  8.0
Necromancy     | 4 7 |  7.4
Charms         | 3 6 |  6.0

Action                   |  1- 3 |  4- 6 |  7- 9 | 10-12 | 13-15 | 16-18 | 19-21 || total
-------------------------+-------+-------+-------+-------+-------+-------+-------++-------
Melee: Club              |    19 |       |       |       |       |       |       ||    19
       Short sword       |       |     8 |    59 |       |       |       |       ||    67
       Dagger            |       |       |    77 |   142 |   137 |   153 |    45 ||   554
       Mace              |       |       |       |     5 |       |       |       ||     5
 Cast: Magic Dart        |    34 |    96 |   163 |   276 |   410 |    46 |    19 ||  1044
       Searing Ray       |     4 |    14 |    46 |    76 |   197 |    44 |    11 ||   392
       Iskenderun's Myst |       |       |       |    80 |    43 |       |       ||   123
       Force Lance       |       |       |       |    18 |    33 |     1 |       ||    52
       Blink             |       |       |       |     2 |    13 |    19 |     2 ||    36
       Fulminant Prism   |       |       |       |    18 |    62 |    20 |    12 ||   112
       Iron Shot         |       |       |       |       |    97 |    70 |    20 ||   187
       Venom Bolt        |       |       |       |       |    25 |   184 |    28 ||   237
       Summon Butterflie |       |       |       |       |     6 |    58 |     1 ||    65
       Poisonous Vapours |       |       |       |       |       |   622 |    68 ||   690
       Olgreb's Toxic Ra |       |       |       |       |       |    29 |    38 ||    67
       Regeneration      |       |       |       |       |       |    25 |    15 ||    40
       Apportation       |       |       |       |       |       |     4 |    14 ||    18
Evoke: Wand              |       |       |       |     2 |    19 |    26 |    15 ||    62
  Use: Potion            |       |     5 |     2 |     3 |     4 |     3 |    13 ||    30
       Scroll            |       |     1 |     4 |     7 |    24 |    15 |     4 ||    55
 Stab: Distracted        |       |       |     1 |       |       |       |       ||     1
       Sleeping          |       |       |     1 |     5 |     2 |     4 |       ||    12
       Paralysed         |       |       |       |     1 |     2 |       |       ||     3
       Confused          |       |       |       |       |     1 |       |       ||     1
  Eat: Chunk             |     9 |    11 |    18 |    55 |   115 |    89 |    28 ||   325
       Ration            |       |       |       |       |     2 |    14 |     1 ||    17
Armor: Robe              |     3 |     1 |    30 |    55 |    97 |   153 |    20 ||   359
Dodge: Dodged            |    35 |     8 |   168 |   268 |   633 |  1042 |   126 ||  2280
Block: Other             |       |       |    39 |     2 |       |       |       ||    41
